 Dungeon Crawl Stone Soup version 0.18.1-48-g4cf74bf (webtiles) character file.

46 mindo the Magician (level 3, 0/19 HPs)
             Began as a Deep Elf Wizard on July 12, 2016.
             Slain by a hound (3 damage)
             ... on level 3 of the Dungeon.
             The game lasted 00:08:48 (1989 turns).

mindo the Magician (Deep Elf Wizard)                Turns: 1989, Time: 00:08:49

Health: 0/19       AC:  3    Str:  4    XL:     3   Next: 46%
Magic:  5/11       EV:  7    Int: 23    God:
Gold:   136        SH:  0    Dex: 13    Spells: 3 memorised, 7 levels left

rFire  . . .     SeeInvis .     f - +0 short sword
rCold  . . .     Gourm    .     a - +0 robe
rNeg   . . .     Faith    .     (no shield)
rPois  .         Spirit   .     b - +0 hat
rElec  .         Dismiss  .     (no cloak)
rCorr  .         Reflect  .     j - +0 pair of gloves
SustAt .         Harm     .     (no boots)
MR     .....                    (no amulet)
Stlth  ++........               (no ring)
                                (no ring)

@: not resistant to hostile enchantments, unstealthy
A: no striking features
a: no special abilities


You were on level 3 of the Dungeon.
You were not hungry.

You visited 1 branch of the dungeon, and saw 3 of its levels.

You collected 136 gold pieces.

Inventory:

Hand Weapons
 f - a +0 short sword (weapon)
 g - a cursed -3 short sword
Armour
 a - a +0 robe (worn)
 b - a +0 hat (worn)
 j - a +0 pair of gloves (worn)
Jewellery
 n - an uncursed ring of protection from cold {unknown}
Scrolls
 i - 2 scrolls of enchant weapon {unknown}
 k - a scroll of identify {unknown}
Potions
 d - a potion of resistance {unknown}
 e - a potion of brilliance {unknown}
 h - 2 potions of degeneration {unknown}
 m - a potion of flight {unknown}
 o - a potion of agility {unknown}
Books
 c - a book of Minor Magic

   Spells                             Type                      Level
   a - Magic Dart                     Conjuration                  1
   b - Blink                          Translocation                2
   c - Call Imp                       Summoning                    2
   d - Repel Missiles                 Charms/Air                   2
   e - Slow                           Hexes                        2
   f - Conjure Flame                  Conjuration/Fire             3
   g - Mephitic Cloud                 Conjuration/Poison/Air       3
Comestibles
 l - a bread ration


   Skills:
 - Level 2.4 Dodging
 - Level 2.4 Stealth
 + Level 5.3 Spellcasting
 + Level 2.9 Conjurations
 - Level 1.1 Summonings
 - Level 1.1 Translocations


You had 7 spell levels left.
You knew the following spells:

 Your Spells              Type           Power        Failure   Level  Hunger
a - Magic Dart            Conj           ###.         2%          1    None
b - Blink                 Tloc           N/A          12%         2    None
c - Call Imp              Summ           ##......     12%         2    None


Dungeon Overview and Level Annotations

Branches:
Dungeon (3/15)

Altars:

Annotations:
D:2 Robin


Message History

Aiming: Magic Dart
Press: ? - help, Shift-Dir - straight line, f - hound
Aim: a hound The magic dart hits the hound.
The hound is lightly wounded.
The hound bites you.
* * * LOW HITPOINT WARNING * * *
The hound bites you.
* * * LOW HITPOINT WARNING * * *
Casting: Magic Dart
Confirm with . or Enter, or press ? or * to list all spells.
You blink.
Casting: Blink
Confirm with . or Enter, or press ? or * to list all spells.
You blink.
A dart slug comes into view.
Found a shiny ring mail.
There is a stone staircase leading down here.
The hound bites you.
You die...

#.... .# .## ..
#....##.# ....<
#.....#.## # #####.#.
#........ .. ........
#..w#.#.####.## #.
#.............. #.
+............## #r
#[..##......... #.
........@....... #.
########h######## #.
................ #.
........§##############.
.........'§......r......
.........###############
.############'##......
#.#....# #....(.......
#.#....# #............


You could see a hound and a dart slug.

Vanquished Creatures
  An ooze (D:3)
  2 dart slugs (D:1)
  3 giant geckos
  4 giant cockroaches
  A hobgoblin (D:1)
  2 quokkas
  A ball python (D:1)
  4 bats (D:1)
  4 giant newts
  3 goblins
  A kobold (D:1)
  7 rats
33 creatures vanquished.

Vanquished Creatures (collateral kills)
  A dart slug (D:2)
  An orc (D:3)
2 creatures vanquished.

Vanquished Creatures (others)
  4 toadstools (D:1)
4 creatures vanquished.

Grand Total: 39 creatures vanquished

Notes
Turn   | Place    | Note
--------------------------------------------------------------
     0 | D:1      | mindo the Deep Elf Wizard began the quest for the Orb.
     0 | D:1      | Reached XP level 1. HP: 10/10 MP: 7/7
   546 | D:1      | Reached XP level 2. HP: 15/15 MP: 2/9
   936 | D:1      | Reached skill level 5 in Spellcasting
  1183 | D:2      | Reached XP level 3. HP: 19/19 MP: 8/11
  1248 | D:2      | Noticed Robin
  1284 | D:1      | Learned a level 2 spell: Blink
  1287 | D:1      | Learned a level 2 spell: Call Imp
  1989 | D:3      | Slain by a hound

Skill      XL: |  1  2 |
---------------+-------+-----
Conjurations   | 2 |  2.9
Spellcasting   | 5 |  5.3
Dodging        | |  2.4
Stealth        | |  2.4
Summonings     | |  1.1
Translocations | |  1.1

Action                   || total
-------------------------++-------
Melee: Short sword       ||    19
 Cast: Magic Dart        ||    64
       Call Imp          ||    11
       Blink             ||     4
  Eat: Bread ration      ||     1
Armor: Robe              ||     5
Dodge: Dodged            ||    16
